AoeStats
← Oldspice

Nomad

503241386Analyzed
4v4 RM · 1mo ago on Aug 30, 2026· 40m 37s· 8 players
Game mode
Random Map
Map size
231×231
Population
200
Speed
Normal
Resources
Standard
Victory
Conquest
Starting age
Dark Age
Ending age
Imperial Age
RankedLock teamsTeams togetherTeam positionsShared explorationLock speedFull tech treeHidden civsTurbo modeCheats
Victory
Defeat
🇪🇸 Mapuche · Spain
1568
+15
1527
+17
🇪🇸 Bengalis · Spain
1503
+18
🇨🇳 Vietnamese · China
1491
+18
🇭🇺 Cumans · Hungary
1564
-18
🇺🇸 Malay · United States
1535
-17
🇩🇪 Tatars · Germany
1531
-16
🇬🇧 Khmer · United Kingdom
1526
-16
Ash
4:54 Loom
13:30 Feudal Age
18:16 Castle Age
17:53 Fishing Lines
18:02 Double-Bit Axe
18:10 Horse Collar
19:38 Medium Warships
20:02 Bow Saw
22:27 Clinker Construction
22:27 Careening
26:52 Heavy Plow
27:43 Husbandry
28:51 Gold Mining
29:29 Scale Barding Armor
30:30 Chain Barding Armor
30:21 Forging
30:23 Bloodlines
31:08 Town Watch
34:30 Iron Casting
35:15 Wheelbarrow
34:41 Town Patrol
37:43 Imperial Age
35:30 Fletching
36:33 Wheelbarrow
38:11 Hand Cart
37:57 Bodkin Arrow
37:53 Cavalier
39:25 Plate Barding Armor
M*rpheu$
3:19 Loom
13:55 Feudal Age
19:40 Castle Age
18:46 Horse Collar
18:53 Double-Bit Axe
23:58 Bow Saw
23:51 Heavy Plow
29:34 Scale Barding Armor
30:54 Wheelbarrow
32:11 Forging
32:13 Town Watch
33:32 Chain Barding Armor
Oldspice
3:16 Loom
14:55 Feudal Age
19:48 Castle Age
24:18 Wheelbarrow
24:44 Fletching
25:01 Double-Bit Axe
26:33 Crossbowman
27:20 Fishing Lines
32:15 Imperial Age
30:53 Thumb Ring
31:07 Bow Saw
31:33 Bodkin Arrow
33:07 Arbalester
35:05 Ballistics
35:03 Padded Archer Armor
35:39 Bracer
36:36 Padded Archer Armor
41:40 Chemistry
2EZ.trombone
11:37 Feudal Age
12:09 Double-Bit Axe
12:21 Fishing Lines
14:01 Horse Collar
18:07 Wheelbarrow
19:57 Castle Age
19:03 Bloodlines
18:59 Scale Barding Armor
19:24 Loom
19:37 Gold Mining
21:54 Bow Saw
30:57 Fletching
32:41 Town Watch
33:22 Ballistics
37:08 Imperial Age
34:46 Scale Mail Armor
35:38 Pikeman
36:19 Squires
Pelopincho
5:37 Loom
13:37 Feudal Age
17:20 Castle Age
15:13 Double-Bit Axe
17:40 Gold Mining
18:13 Horse Collar
19:53 Town Watch
22:06 Wheelbarrow
22:23 Bow Saw
22:54 Fletching
23:06 Padded Archer Armor
31:30 Ballistics
TandemTooth
5:25 Loom
14:26 Feudal Age
18:30 Castle Age
17:13 Double-Bit Axe
22:06 Fletching
23:55 Bodkin Arrow
26:45 Ballistics
26:28 Padded Archer Armor
30:52 Wheelbarrow
32:09 Leather Archer Armor
33:11 Husbandry
35:19 Hand Cart
35:51 Bloodlines
Game Sun
4:42 Loom
13:11 Feudal Age
14:07 Double-Bit Axe
18:50 Castle Age
17:05 Gold Mining
19:44 Medium Warships
19:48 Bow Saw
19:31 Fletching
20:21 Bodkin Arrow
22:29 Wheelbarrow
21:40 Fishing Lines
23:08 Stone Mining
23:06 Horse Collar
24:04 Heavy Plow
25:41 Gillnets
32:01 Imperial Age
32:20 Imperial Age
30:02 Scale Barding Armor
30:07 Forging
30:04 Chatras
30:56 Bloodlines
31:40 Husbandry
32:35 Chain Barding Armor
33:47 Iron Casting
33:28 Devotion
34:11 Elite Battle Elephant
36:17 Plate Barding Armor
37:12 Hand Cart
38:23 Bracer
38:23 Padded Archer Armor
39:22 Ballistics
40:03 Chemistry
39:56 Town Watch
40:45 Crop Rotation
41:16 Two-Man Saw
Kamáximo Décimo Meridio
4:17 Loom
13:10 Feudal Age
16:49 Castle Age
15:25 Double-Bit Axe
16:49 Wheelbarrow
16:21 Fishing Lines
16:52 Fletching
17:36 Bodkin Arrow
18:06 Bow Saw
19:47 Medium Warships
23:35 Gillnets
25:28 Clinker Construction
25:09 Horse Collar
29:14 Eagle Warrior
31:45 Hand Cart
31:18 Town Watch
32:08 Squires
32:09 Scale Mail Armor
32:45 Arson
37:06 Imperial Age
34:48 Gold Mining
34:58 Heavy Plow
35:37 Stone Mining
36:04 Chain Mail Armor
36:00 Forging
37:13 Elite Eagle Warrior
39:43 Two-Man Saw
39:50 Plate Mail Armor
39:56 Iron Casting
41:17 Two-Man Saw
40:48 Crop Rotation
41:32 Stone Shaft Mining
Connection lost

Rejoining the realm…

Still unreachable

The connection could not be restored.

Session expired

The server has moved on; the page needs a fresh start.